 Dungeon Crawl Stone Soup version 0.31-a0-174-g85c54bcb58 (webtiles) character file.

Game seed: 16878044280664532078

185 qw the Shooter (level 5, -1/32 HPs)
             Began as a Gargoyle Hunter on June 15, 2023.
             Killed from afar by a steam dragon (3 damage)
             ... with a ball of steam
             ... on level 3 of the Dungeon.
             The game lasted 00:01:05 (2484 turns).

qw the Shooter (Gargoyle Hunter)                    Turns: 2484, Time: 00:01:06

Health: -1/32      AC: 10    Str: 14      XL:     5   Next: 64%
Magic:  5/5        EV: 10    Int:  9 (10) God:
Gold:   111        SH:  0    Dex: 14 (15) Spells: 4/4 levels left

rFire   + . .        Y - +0 shortbow
rCold   . . .        (shield currently unavailable)
rNeg    + + .        e - +0 ring mail
rPois   inf          (no helmet)
rElec   +            (no cloak)
rCorr   .            (no gloves)
SInv    .            j - +0 pair of boots
Will    .....        l - amulet of faith
Stlth   +            g - ring of protection from fire
HPRegen 0.25/turn    n - ring of positive energy
MPRegen 0.09/turn

%: faith
@: no status effects
A: sickness immunity, AC +4, negative energy resistance 1, electricity
resistance, torment resistance 1, petrification resistance
a: no special abilities


You were on level 3 of the Dungeon.
You visited 1 branch of the dungeon, and saw 4 of its levels.

You collected 111 gold pieces.


Innate Abilities, Weirdness & Mutations

You are immune to sickness and miasma.
Your stone body is resilient. (AC +4)
You are immune to poison.
You resist negative energy. (rN+)
You are resistant to electric shocks. (rElec)
You are resistant to unholy torment.
You are immune to petrification.


   Skills:
 - Level 3.5 Fighting
 - Level 6.1 Ranged Weapons
 + Level 0.7 Armour
 - Level 1.5 Dodging
 - Level 1.1 Stealth


You had 4 spell levels left.
You didn't know any spells.
Your spell library was empty.

Inventory:

Hand Weapons
 Y - a +0 shortbow (weapon)
Armour
 e - a +0 ring mail (worn)
 j - a +0 pair of boots (worn)
Jewellery
 g - a ring of protection from fire (left hand)
 l - an amulet of faith (around neck)
 n - a ring of positive energy (right hand)
Scrolls
 h - a scroll of identify
Potions
 d - 2 potions of curing
 f - 2 potions of might
 i - a potion of attraction
 k - a potion of haste
 m - a potion of magic

Dungeon Overview and Level Annotations

Branches:
Dungeon (4/15)
 Temple: D:4-7

Altars:
Ru
Yredelemnul


Message History

The steam dragon claws you but does no damage.
The steam dragon bites you but does no damage.
The steam dragon claws you but does no damage.
You shoot an arrow.
The arrow hits the steam dragon but does no damage.
The steam dragon is heavily wounded.
The steam dragon bites you! The steam dragon completely misses you.
2476 ||| READING scroll of teleportation.
As you read the scroll of teleportation, it crumbles to dust.
You feel strangely unstable. The steam dragon breathes steam at you.
The ball of steam hits you. You resist.
You shoot an arrow. The arrow hits the steam dragon.
The steam dragon is severely wounded.
The steam dragon barely misses you. x2
You shoot an arrow.
The arrow barely misses the steam dragon.
The steam dragon barely misses you.
The steam dragon claws you but does no damage.
You shoot an arrow. The arrow hits the steam dragon.
The steam dragon is severely wounded.
Your surroundings seem slightly different.
You shoot an arrow.
The arrow closely misses the steam dragon.
The steam dragon breathes steam at you. The ball of steam hits you. You resist.
You shoot an arrow.
The arrow hits the steam dragon but does no damage.
The steam dragon is severely wounded.
You shoot an arrow. The arrow hits the steam dragon.
The steam dragon is almost dead.
You shoot an arrow.
The arrow hits the steam dragon but does no damage.
The steam dragon is almost dead.
The steam dragon barely misses you. The steam dragon claws you.
You shoot an arrow.
The arrow barely misses the steam dragon.
The steam dragon breathes steam at you. The ball of steam hits you. You resist.
You die...

##..#..........#.###.#
###.############.....# # #..##
#...### # ##..### ##..######## #
##...# ##..........# #######.##
##.)########.#
#.......#####¤¤.¤.....##.#
##..........#¤¤........##.#
.'..........>..D@¤¤....##.#
##.......#####.¤.......##.#
#.......##....¤.......##.#######
##########.####.########........
#.# #.# #..###### #.# #.# #..# #
#.# #.# #..# # #.# #.# #..# #
#.# #.# #..######


You could see a steam dragon (catching breath).

Vanquished Creatures
  Jessica (D:2)
  2 sleepcaps (D:3)
  2 adders
  4 worms
  A dart slug (D:3)
  An orc (D:4)
  6 endoplasms
  3 giant cockroaches (D:2)
  8 goblins
  4 hobgoblins
  4 jackals (D:3)
  7 kobolds
  6 quokkas
  8 ball pythons
  6 bats
  2 frilled lizards
  7 rats
72 creatures vanquished.

Notes
Turn   | Place    | Note
-------+----------+-------------------------------------------
     0 | D:1      | qw the Gargoyle Hunter began the quest for the Orb.
     0 | D:1      | Reached XP level 1. HP: 12/12 MP: 1/1
     0 | D:1      | 0 ||| qw: Version: 0.2-a-29-g511e9b1
     0 | D:1      | 0 ||| qw: Game counter: 5589
     0 | D:1      | 0 ||| qw: Always use a shield: true
     0 | D:1      | 0 ||| qw: God list: Okawaru
     0 | D:1      | 0 ||| qw: Allow faded altars: false
     0 | D:1      | 0 ||| qw: Do Orc after D:15 true
     0 | D:1      | 0 ||| qw: Do second Lair branch before Depths: true
     0 | D:1      | 0 ||| qw: Lair rune preference: random
     0 | D:1      | 0 ||| qw: Plans: Normal, Zot:1-4, Slime:5, God:TSO, Crypt,
                  | Tomb, Abyss, Pan, Hells, Win
     0 | D:1      | 0 ||| PLANNING D:1-11
   124 | D:1      | 124 ||| FLEEEEING.
   125 | D:1      | 125 ||| FLEEEEING.
   126 | D:1      | 126 ||| FLEEEEING.
   129 | D:1      | Reached XP level 2. HP: 16/17 MP: 2/2
   164 | D:1      | Found a faded altar of an unknown god.
   392 | D:1      | Reached XP level 3. HP: 21/21 MP: 3/3
   447 | D:1      | Reached skill level 5 in Ranged Weapons
   651 | D:1      | 651 ||| READING scroll labelled XAFIMIA FESTRO.
   655 | D:1      | 655 ||| READING scroll labelled TEABEIRESA.
   656 | D:1      | 656 ||| READING scroll labelled USUYSU TET WUA.
   657 | D:1      | 657 ||| READING scroll labelled DULOLI YTEXAMMU.
   672 | D:1      | 672 ||| DRINKING 3 puce potions.
   673 | D:1      | 673 ||| DRINKING 2 viscous silvery potions.
   674 | D:1      | 674 ||| DROPPING scroll of butterflies.
   685 | D:2      | 685 ||| STAIRDANCE
   906 | D:2      | Noticed Jessica
   916 | D:2      | Killed Jessica
   917 | D:2      | Reached skill level 3 in Fighting
   917 | D:2      | Reached XP level 4. HP: 24/28 MP: 4/4
  1368 | D:2      | 1368 ||| UPGRADING to +0 pair of boots.
  1373 | D:2      | 1373 ||| UPGRADING to ring of protection from fire.
  1374 | D:2      | 1374 ||| READING scroll labelled NIUCHOL FUBUA.
  1375 | D:2      | 1375 ||| READING scroll labelled CULUUDA QENK.
  1376 | D:2      | 1376 ||| READING scroll labelled GUENOS FOAME.
  1377 | D:2      | 1377 ||| DRINKING 2 smoky brown potions.
  1378 | D:2      | 1378 ||| DRINKING 2 glowing sapphire potions.
  1379 | D:2      | 1379 ||| DROPPING potion of degeneration.
  1637 | D:3      | Reached XP level 5. HP: 14/32 MP: 5/5
  1761 | D:3      | Found a sacrificial altar of Ru.
  1767 | D:3      | Found a basalt altar of Yredelemnul.
  1918 | D:3      | Reached skill level 6 in Ranged Weapons
  2260 | D:3      | 2260 ||| UPGRADING to +0 ring mail.
  2270 | D:3      | 2270 ||| DROPPING +0 leather armour.
  2271 | D:3      | 2271 ||| UPGRADING to amulet of faith.
  2276 | D:3      | 2276 ||| UPGRADING to ring of positive energy.
  2277 | D:3      | 2277 ||| READING 4 scrolls of identify.
  2277 | D:3      | 2277 ||| IDENTIFYING smoky coppery potion
  2278 | D:3      | 2278 ||| READING 3 scrolls of identify.
  2278 | D:3      | 2278 ||| IDENTIFYING yellow potion
  2279 | D:3      | 2279 ||| READING 2 scrolls of identify.
  2279 | D:3      | 2279 ||| IDENTIFYING emerald potion
  2280 | D:3      | 2280 ||| DROPPING potion of berserk rage.
  2323 | D:4      | Noticed a black bear
  2329 | D:4      | 2329 ||| STAIRDANCE
  2336 | D:3      | HP: 8/32 [black bear (1)]
  2337 | D:3      | 2337 ||| READING 2 scrolls of teleportation.
  2466 | D:4      | Noticed a steam dragon
  2470 | D:4      | 2470 ||| STAIRDANCE
  2475 | D:3      | HP: 7/32 [steam dragon (8)]
  2476 | D:3      | 2476 ||| READING scroll of teleportation.
  2476 | D:3      | HP: 3/32 [steam dragon/ball of steam (4)]
  2480 | D:3      | HP: 1/32 [something/ball of steam (3)]
  2484 | D:3      | Killed from afar by a steam dragon

Levels and vault maps discovered:
D:1:      lightli_arrival_windingriver, layout_basic, basic_ecumenical_altar
D:2:      layout_basic, minmay_unequal, uniq_jessica
D:3:      layout_basic, nicolae_overflow_hidden_temple, hellmonk_no_cap
D:4:      layout_loops_ring

Skill      XL: |  1  2  3  4  5 |
---------------+----------------+-----
Ranged Weapons | 5 6 |  6.1
Fighting       | 3 |  3.5
Armour         | |  0.7
Dodging        | |  1.5
Stealth        | |  1.1

Action                     |  1- 3 |  4- 6 || total
---------------------------+-------+-------++-------
   Fire: Shortbow          |   102 |   164 ||   266
    Use: Scroll            |     4 |     8 ||    12
         Potion            |     2 |     2 ||     4
 Armour: Leather armour    |     8 |    48 ||    56
         Ring mail         |       |    38 ||    38
  Dodge: Dodged            |    19 |   108 ||   127

Table legend:
 A = Non-vault XP
 B = Vault XP
 C = Vault XP percentage of total XP
 D = Non-vault monster count
 E = Vault monster count
 F = Vault count percentage of total count
                 A         B        C        D         E       F
            +---------+---------+-------+---------+---------+-------
      Total |     149 |     116 |  43.8 |      66 |       6 |   8.3
            +---------+---------+-------+---------+---------+-------
        D:1 |      44 |       0 |   0.0 |      27 |       0 |   0.0
        D:2 |      48 |      40 |  45.5 |      18 |       3 |  14.3
        D:3 |      54 |      76 |  58.5 |      20 |       3 |  13.0
        D:4 |       3 |       0 |   0.0 |       1 |       0 |   0.0
            +---------+---------+-------+---------+---------+-------
